 Dungeon Crawl Stone Soup version 0.29-a0-231-g945431f764 (webtiles) character file.

Game seed: 18849014770113472

11404 mathmaestro the Grappler (level 11, -7/122 HPs)
             Began as a Troll Monk on Feb 28, 2022.
             Mangled by a cane toad (18 damage)
             ... on level 1 of the Lair of Beasts.
             The game lasted 00:23:34 (8660 turns).

mathmaestro the Grappler (Troll Monk)               Turns: 8660, Time: 00:23:34

Health: -7/122     AC: 10    Str: 25    XL:     11   Next: 48%
Magic:  7/7        EV: 10    Int:  6    God:
Gold:   890        SH:  5    Dex: 12    Spells: 10/10 levels left

rFire   . . .      SeeInvis .     - Unarmed
rCold   + . .      Faith    .   (no shield)
rNeg    + . .      Spirit   .   r - +0 steam dragon scales
rPois   +          Reflect  +   (helmet restricted)
rElec   .          Harm     .   o - +2 cloak {rPois}
rCorr   .          Rampage  .   (gloves unavailable)
Will    .....                   (boots unavailable)
Stlth   ++........              v - amulet of reflection
HPRegen 1.10/turn               q - ring of positive energy
MPRegen 0.10/turn               u - ring of protection from cold

@: flying
A: large, unfitting armour, claws 3, regeneration 1, shaggy fur 1, tough skin 1,
low MP 2, robust 1
a: no special abilities


You were on level 1 of the Lair of Beasts.
You visited 3 branches of the dungeon, and saw 11 of its levels.
You also visited: Ossuary.

You collected 890 gold pieces.

Inventory:

Hand Weapons
 n - a +4 scimitar of flaming
Missiles
 b - 197 stones
 g - 34 poisoned darts
 p - 19 boomerangs (quivered)
 C - 3 silver boomerangs
Armour
 o - a +2 cloak of poison resistance (worn)
 r - +0 steam dragon scales (worn)
Jewellery
 d - a ring of flight
 q - a ring of positive energy (left claw)
 s - a ring of poison resistance
 u - a ring of protection from cold (right claw)
 v - an amulet of reflection (around neck)
 z - the ring "Kuavihae" {Ice rN+++ Will-}
   (You found it on level 4 of the Dungeon)

   [ring of ice]

   It enhances your ice magic.
   rF:        It makes you vulnerable to fire.
   rC:        It protects you from cold.
   rN:        It renders you almost immune to negative energy.
   Will:      It decreases your willpower.
Wands
 c - a wand of paralysis (6)
 i - a wand of polymorph (13)
 B - a wand of mindburst (1)
 F - a wand of flame (21)
Scrolls
 a - a scroll of fog
 f - 4 scrolls of teleportation
 k - a scroll of enchant armour
 m - 3 scrolls of magic mapping
Potions
 e - 2 potions of mutation
 h - a potion of flight
 j - 2 potions of haste
 l - a potion of lignification
 D - a potion of magic
 E - 2 potions of might


   Skills:
 + Level 8.3 Fighting
 + Level 8.2 Throwing
 - Level 3.0 Dodging
 - Level 1.0 Stealth
 + Level 9.9 Unarmed Combat
 + Level 6.8 Evocations


You had 10 spell levels left.
You didn't know any spells.
Your spell library contained the following spells:

 Spells                   Type           Power      Damage    Failure   Level
 Slow                     Hex            0%         N/A       45%         1
 Confusing Touch          Hex            0%         N/A       83%         3
 Ozocubu's Armour         Ice            0%         N/A       83%         3
 Vampiric Draining        Necr           0%         2d6       83%         3
 Metabolic Englaciation   Hex/Ice        0%         N/A       100%        5
 Simulacrum               Ice/Necr       0%         N/A       100%        6


Dungeon Overview and Level Annotations

Branches:
Dungeon (9/15)             Temple (1/1) D:7            Lair (1/6) D:9
    Orc (0/2) D:9         Ossuary (visited)

Altars:
Ashenzari
Cheibriados
Dithmenos
Elyvilon
Fedhas
Gozag
Kikubaaqudgha
Makhleb
Nemelex Xobeh
Okawaru
Qazlal
Ru
Sif Muna
Trog
Uskayaw
Vehumet
Wu Jian
Xom
Yredelemnul
Zin
The Shining One

Shops:
D:3 *   D:4 :   D:6 [


Innate Abilities, Weirdness & Mutations

You are too large for most types of armour.
You have claws for hands.
Your natural rate of healing is unusually fast.
You are covered in fur. (AC +1)
You have tough skin. (AC +1)
Your magical capacity is very low. (-20% MP)
You are robust. (+10% HP)


Message History

The blink frog blinks!
The blink frog hits you but does no damage.
Things that are here:
a wolf corpse; a wolf corpse; a wolf corpse The blink frog barely misses you.
You claw the blink frog!
The blink frog is moderately wounded.
The blink frog blinks!
You claw the blink frog!
The blink frog is moderately wounded.
The blink frog blinks!
You block the blink frog's attack.
You mangle the blink frog!!
You kill the blink frog!
You hear a loud, deep croak!
You completely miss the blink frog. Your claw misses the blink frog.
The blink frog is moderately wounded.
You block the blink frog's attack.
You claw the blink frog!
The blink frog is severely wounded.
The blink frog blinks!
A cane toad comes into view.
The cane toad gives a loud, deep croak!
The cane toad stings you!
* * * LOW HITPOINT WARNING * * *
The blink frog hits you.
* * * LOW HITPOINT WARNING * * *
Items here: ††††.
You block the cane toad's attack.
You scratch the cane toad. You claw the cane toad.
The cane toad is lightly wounded.
The cane toad closely misses you.
You mangle the cane toad!!
The cane toad is severely wounded.
The cane toad stings you!!
* * * LOW HITPOINT WARNING * * *
Okay, then.
It was a potion of flight.
You feel very buoyant.
You fly up into the air.
The blink frog blinks!
The cane toad stings you!!
You die...

...........
#.)........
##.......... #
###P..†.....# .
#.#...........# .
#.#......F....####.
#..§...............
###F...............
#@###.............
### #.............
#........##.##
###...>###....
#....###....
##....##....
#....###....
#.....†.....
##..###.....


You could see a cane toad and a blink frog.

Vanquished Creatures
  A catoblepas (D:9)
  Erica (D:8)
  2 two-headed ogres (D:8)
  The ghost of Dazliare the Skirmisher, a novice OpWn of Zin (D:6)
  The ghost of timneilson the Covered, a novice GrFi (D:6)
  Joseph (D:8)
  The ghost of fragbeetle the Quickloader, a novice MiHu (D:6)
  Maggie (D:6)
  A rime drake (Lair:1)
  A komodo dragon (Lair:1)
  The ghost of drugrobin the Slasher, an amateur DgFi (D:6)
  6 blink frogs (Lair:1)
  A vampire (D:9)
  3 wyverns
  A shadow (D:9)
  4 yaks (D:9)
  A basilisk (Lair:1)
  3 steam dragons
  Menkaure (D:6)
  4 water moccasins
  2 ice beasts
  3 orc warriors
  A sky beast (D:7)
  A black bear (D:5)
  An ogre (D:6)
  5 wolves (Lair:1)
  2 centaurs (D:9)
  A kobold brigand (D:6)
  3 bullfrogs
  2 necrophages
  2 scorpions (D:6)
  8 killer bees (D:9)
  7 electric eels (D:6)
  A hound (D:6)
  3 jellies
  3 orc priests
  Ijyb (D:4)
  4 iguanas
  8 orc wizards
  9 mummies
  6 adders
  10 gnolls
  3 white imps
  An ufetubus (D:7)
  2 worms
  2 dart slugs
  27 orcs
  5 endoplasms
  5 giant cockroaches
  2 gnoll zombies (Ossuary)
  7 goblins
  5 hobgoblins
  9 jackals
  3 quokkas
  5 ball pythons
  5 bats
  7 frilled lizards
  2 hobgoblin zombies (Ossuary)
  15 kobolds
  3 kobold zombies (Ossuary)
  An orc zombie (Ossuary)
  5 rats
233 creatures vanquished.

Vanquished Creatures (others)
  3 fungi (Lair:1)
  13 plants
  2 withered plants (D:6)
18 creatures vanquished.

Grand Total: 251 creatures vanquished

Notes
Turn   | Place    | Note
-------+----------+-------------------------------------------
     0 | D:1      | mathmaestro the Troll Monk began the quest for the Orb.
     0 | D:1      | Reached XP level 1. HP: 22/22 MP: 0/0
    87 | D:1      | Reached XP level 2. HP: 29/29 MP: 1/1
   232 | D:1      | Reached XP level 3. HP: 36/36 MP: 2/2
   690 | D:2      | Found a faded altar of an unknown god.
   750 | D:2      | Reached XP level 4. HP: 45/45 MP: 3/3
  1448 | D:3      | Found an opulent altar of Gozag.
  1453 | D:3      | Found Gozag's Platinum Reserve.
  1570 | D:3      | Found a snail-covered altar of Cheibriados.
  1578 | D:3      | Reached skill level 4 in Unarmed Combat
  1691 | D:4      | Found a sand-covered staircase.
  1696 | Ossuary  | Entered an ossuary
  1735 | Ossuary  | Reached skill level 1 in Throwing
  1735 | Ossuary  | Reached XP level 5. HP: 28/53 MP: 4/4
  1811 | Ossuary  | Reached skill level 1 in Evocations
  2068 | D:4      | Reached XP level 6. HP: 58/62 MP: 5/5
  2115 | D:4      | Identified the ring "Kuavihae" {Ice rN+++ Will-}
  2124 | D:4      | Found Yzeipaoss's Book Shoppe.
  2217 | D:4      | Noticed Ijyb
  2226 | D:4      | Killed Ijyb
  2545 | D:5      | Entered Level 5 of the Dungeon
  2830 | D:5      | Found a hide-covered altar of Uskayaw.
  2847 | D:5      | Found a bloodstained altar of Trog.
  2947 | D:5      | Reached XP level 7. HP: 70/70 MP: 6/6
  3173 | D:5      | Reached skill level 5 in Unarmed Combat
  3407 | D:5      | Found a basalt altar of Yredelemnul.
  3407 | D:5      | Found a shimmering blue altar of Sif Muna.
  3741 | D:6      | Found a runed translucent gate.
  3741 | D:6      | Found a runed translucent gate.
  3743 | D:6      | Found a runed translucent gate.
  3744 | D:6      | Noticed fragbeetle's ghost (novice MiHu)
  3744 | D:6      | Noticed drugrobin's ghost (amateur DgFi)
  3744 | D:6      | Noticed Dazliare's ghost (novice OpWn)
  3746 | D:6      | Noticed timneilson's ghost (novice GrFi)
  3955 | D:6      | Noticed Maggie
  3976 | D:6      | Killed Maggie
  3977 | D:6      | Reached XP level 8. HP: 38/79 MP: 7/7
  3979 | D:6      | Gained mutation: You are agile. (Dex +2) [potion of
                  | mutation]
  4305 | D:6      | Reached skill level 5 in Fighting
  4305 | D:6      | Reached skill level 6 in Unarmed Combat
  4552 | D:6      | Found a broken altar of Ashenzari.
  4702 | D:6      | Found Zuliryb's Armour Shoppe.
  4835 | D:6      | Noticed Menkaure
  4846 | D:6      | Killed Menkaure
  4847 | D:6      | Reached XP level 9. HP: 79/88 MP: 8/8
  5096 | D:6      | Reached skill level 5 in Throwing
  5191 | D:6      | Killed Dazliare's ghost
  5192 | D:6      | Reached skill level 7 in Unarmed Combat
  5205 | D:6      | Killed timneilson's ghost
  5215 | D:6      | Killed drugrobin's ghost
  5222 | D:6      | Killed fragbeetle's ghost
  5437 | D:7      | Reached skill level 5 in Evocations
  5567 | D:7      | Found a staircase to the Ecumenical Temple.
  5598 | Temple   | Entered the Ecumenical Temple
  6252 | D:7      | Reached skill level 8 in Unarmed Combat
  6252 | D:7      | Reached XP level 10. HP: 80/100 MP: 9/9
  6646 | D:8      | Noticed Joseph
  6659 | D:8      | Killed Joseph
  6808 | D:8      | Noticed a two-headed ogre
  6817 | D:8      | Killed a two-headed ogre
  6933 | D:8      | Noticed a two-headed ogre
  6936 | D:8      | Noticed Erica
  6944 | D:8      | Killed a two-headed ogre
  7266 | D:8      | Killed Erica
  7330 | D:8      | Lost mutation: You are agile. (Dex +2) [potion of mutation]
  7330 | D:8      | Gained mutation: You are robust. (+10% HP) [potion of
                  | mutation]
  7330 | D:8      | Gained mutation: You have hidden genetic defects. [potion
                  | of mutation]
  7417 | D:8      | Reached skill level 9 in Unarmed Combat
  7700 | D:9      | Found a burning altar of Makhleb.
  7761 | D:9      | Found an ornate altar of the Wu Jian Council.
  7763 | D:9      | Found a staircase to the Lair.
  7799 | D:9      | Noticed a catoblepas
  7814 | D:9      | Killed a catoblepas
  7815 | D:9      | Reached XP level 11. HP: 53/121 MP: 10/10
  7833 | D:9      | Gained mutation: Your magical capacity is low. (-10% MP)
                  | [hidden defects]
  8083 | D:9      | Found a staircase to the Orcish Mines.
  8239 | D:9      | Found an ancient bone altar of Kikubaaqudgha.
  8443 | Lair:1   | Entered Level 1 of the Lair of Beasts
  8546 | Lair:1   | Gained mutation: Your magical capacity is very low. (-20%
                  | MP) [hidden defects]
  8546 | Lair:1   | Lost mutation: You have hidden genetic defects. [hidden
                  | defects expressed]
  8660 | Lair:1   | Mangled by a cane toad

Illustrated notes

Levels and vault maps discovered:
D:1:      dpeg_arrival_windows_large_door, layout_rooms, glass_columns_a,
          minmay_hedge_maze, nrook_loot_triangle, serial_bayou_crossing
D:2:      layout_loops_ring, basic_ecumenical_altar, small_statue_intersection
D:3:      layout_rooms, slow_altar_2, nicolae_gozag_zags_fifth_avenue
D:4:      layout_basic, serial_shops, shop, enter_ossuary_5, uniq_ijyb
D:5:      layout_loops_corners, nicolae_overflow_hidden_temple
D:6:      cheibrodos_two_vegetables, layout_gridville, evilmike_ruin_ashenzari,
          serial_shops, nicolae_shop_behind_doors, gammafunk_ghost_cemetery,
          serial_bayou_lake_a, uniq_maggie, uniq_menkaure
D:7:      layout_basic, minmay_temple_entry_glass
D:8:      layout_gridville, uniq_joseph, uniq_erica
D:9:      layout_cross, mainiacjoe_overflow_24_doors,
          mainiacjoe_overflow_chevrons, amcnicky_altar_gilded,
          hiddenorc1_lemuel, small_chamber_with_monster
Temple:   minmay_temple_curvy_loop
Lair:1:   layout_gridlike, grunt_forest_small_clearing_treed, lemuel_fruit_tree

Skill      XL: |  1  2  3  4  5  6  7  8  9 10 11 |
---------------+----------------------------------+-----
Fighting       | 3 4 5 6 7 8 |  8.3
Dodging        | 3 |  3.0
Unarmed Combat | 4 5 6 8 9 |  9.9
Throwing       | 1 2 3 4 6 7 8 |  8.2
Evocations     | 1 2 4 5 6 |  6.8
Stealth        | |  1.0

Action                   |  1- 3 |  4- 6 |  7- 9 | 10-12 || total
-------------------------+-------+-------+-------+-------++-------
Melee: Unarmed           |   104 |   198 |   192 |   276 ||   770
       Punch             |       |     2 |    12 |    16 ||    30
Throw: Boomerang         |       |       |     6 |     4 ||    10
       Large rock        |       |       |       |     6 ||     6
       Stone             |       |       |       |     1 ||     1
Evoke: Wand              |       |       |     6 |     4 ||    10
  Use: Scroll            |       |     4 |     5 |     5 ||    14
       Potion            |       |     1 |     9 |     7 ||    17
 Stab: Sleeping          |       |     4 |     5 |     1 ||    10
       Invisible         |       |       |     2 |       ||     2
       Paralysed         |       |       |       |     3 ||     3
       Petrified         |       |       |       |     4 ||     4
Armor: Robe              |    45 |    67 |     9 |       ||   121
       Skin              |       |       |    31 |    18 ||    49
       Steam dragon scal |       |       |    31 |    99 ||   130
Dodge: Dodged            |    61 |    90 |    55 |   114 ||   320
Block: Other             |       |       |       |    33 ||    33

Table legend: (Time is in decaauts)
 A = Elapsed time spent in this place.
 B = Non-inter-level travel time spent in this place.
 C = Inter-level travel time spent in this place.
 D = Time resting spent in this place.
 E = Time spent auto-exploring this place.
 F = Levels seen in this place.
 G = Mean time per level.
                   A        B        C        D        E       F      G
               +--------+--------+--------+--------+--------+-----+--------+
         Total |   8636 |   8299 |    337 |    899 |   5463 |  12 |  719.7 |
       Dungeon |   7955 |   7648 |    307 |    873 |   5085 |   9 |  883.9 |
        Temple |    221 |    193 |     28 |      0 |    188 |   1 |  221.0 |
          Lair |    202 |    202 |      0 |      0 |     79 |   1 |  202.0 |
       Ossuary |    256 |    256 |      0 |     26 |    111 |   1 |  256.0 |
               +--------+--------+--------+--------+--------+-----+--------+

Top non-repeatable levels by time:
     D:6: 1576 daAuts
     D:8: 1104 daAuts
     D:7: 1054 daAuts
     D:5: 1005 daAuts
     D:4: 858 daAuts
     D:9: 722 daAuts
     D:2: 614 daAuts
     D:1: 576 daAuts
     D:3: 443 daAuts
 Ossuary: 256 daAuts
  Temple: 221 daAuts
  Lair:1: 202 daAuts
